 Dungeon Crawl Stone Soup version 0.29-a0-284-gf9362112df (webtiles) character file.

Game seed: 14151939382313117422

56 sammy202020 the Skirmisher (level 3, 0/45 HPs)
             Began as a Demonspawn Berserker on Mar 21, 2022.
             Was a Believer of Trog.
             Succumbed to an adder's poison
             ... on level 2 of the Dungeon.
             The game lasted 00:03:29 (1134 turns).

sammy202020 the Skirmisher (Demonspawn Berserker)   Turns: 1134, Time: 00:03:30

Health: 0/45       AC:  3    Str: 17    XL:     3   Next: 71%
Magic:  3/3        EV: 12    Int: 10    God:    Trog [**....]
Gold:   82         SH:  0    Dex: 12    Spells: 2/2 levels left

rFire   . . .      SeeInvis .   a - +0 mace
rCold   . . .      Faith    .   (no shield)
rNeg    . . .      Spirit   .   b - +0 animal skin
rPois   .          Reflect  .   (no helmet)
rElec   .          Harm     .   (no cloak)
rCorr   .          Rampage  .   (no gloves)
Will    .....                   (no boots)
Stlth   ..........              (no amulet)
HPRegen 0.15/turn               (no ring)
MPRegen 0.08/turn               (no ring)

@: berserking, lethally poisoned (0 -> -4), very quick
A: rugged brown scales 1, powered by death 1
a: Renounce Religion, Berserk, Trog's Hand


You were on level 2 of the Dungeon.
You worshipped Trog.
Trog was pleased with you.
You visited 1 branch of the dungeon, and saw 2 of its levels.

You collected 82 gold pieces.

Inventory:

Hand Weapons
 a - a +0 mace (weapon)
Armour
 b - a +0 animal skin (worn)
Scrolls
 c - a scroll of teleportation {unknown}
 e - a scroll of identify {unknown}
 g - a scroll of immolation {unknown}
 h - a scroll of fog {unknown}
Potions
 d - 2 potions of invisibility {unknown}
 f - a potion of magic {unknown}
 i - a potion of might {unknown}


   Skills:
 * Level 3.6 Fighting
 * Level 3.1 Maces & Flails
 * Level 2.4 Armour
 + Level 2.0 Dodging


You had 2 spell levels left.
You didn't know any spells.
Your spell library was empty.

Dungeon Overview and Level Annotations

Branches:
Dungeon (2/15)

Altars:


Innate Abilities, Weirdness & Mutations

You are partially covered in rugged brown scales. (AC +1, +3% HP)
You regenerate a little health from kills.


Message History

You closely miss the adder.
The adder is moderately wounded.
The adder bites you.
You are poisoned.
The adder poisons you! The adder bites you.
You are more poisoned.
The adder poisons you!
You barely miss the adder.
The adder is moderately wounded.
You feel very sick. The adder bites you.
You are lethally poisoned!
The adder poisons you!
You hit the adder.
The adder is severely wounded.
* * * LOW HITPOINT WARNING * * *
You feel very sick. The adder misses you. The adder barely misses you.
You miss the adder.
The adder is severely wounded.
* * * LOW HITPOINT WARNING * * *
You feel very sick. The adder barely misses you. The adder bites you.
* * * LOW HITPOINT WARNING * * *
You hit the adder.
You kill the adder!
Trog accepts your kill.
* * * LOW HITPOINT WARNING * * *
You feel sick.
A red film seems to cover your vision as you go berserk!
You feel yourself moving faster!
You feel mighty!
* * * LOW HITPOINT WARNING * * *
You feel sick.
Okay, then.
You feel a strong urge to attack something.
There is a lethal amount of poison in your body!
There is a lethal amount of poison in your body!
There is a lethal amount of poison in your body!
You are too berserk!
You die...

#. . ###.### #.
#...... #.#
###.....#
#.#.#.# .......#
...# #< #.....#
#...#.# #..)..#
#....## #†#
####..#### #@#
#.......... #.#
#.###..#### #.#
#.# #.)...< #.#
#.# ##..### #.#
#.# #..# #.# #.#
#>.#
#######.######.#
#.)###
...............#
#:....
#######......†.#
#..###


There were no monsters in sight!

Vanquished Creatures
  2 adders (D:2)
  A dart slug (D:2)
  3 endoplasms (D:1)
  A giant cockroach (D:1)
  4 goblins
  6 hobgoblins
  4 kobolds
  A quokka (D:1)
  A ball python (D:1)
  5 bats
  3 frilled lizards (D:1)
  2 rats (D:1)
33 creatures vanquished.

Notes
Turn   | Place    | Note
-------+----------+-------------------------------------------
     0 | D:1      | sammy202020 the Demonspawn Berserker began the quest for
                  | the Orb.
     0 | D:1      | Reached XP level 1. HP: 18/18 MP: 1/1
   141 | D:1      | Gained mutation: You are partially covered in rugged brown
                  | scales. (AC +1, +3% HP) [demonic ancestry]
   141 | D:1      | Reached XP level 2. HP: 18/24 MP: 2/2
   895 | D:2      | Reached ** piety under Trog
   896 | D:2      | Gained mutation: You regenerate a little health from kills.
                  | [demonic ancestry]
   896 | D:2      | Reached XP level 3. HP: 24/29 MP: 3/3
  1131 | D:2      | HP: 1/29 [poisoned by an adder]
  1134 | D:2      | Succumbed to an adder's poison

Illustrated notes

Levels and vault maps discovered:
D:1:      elethiomel_arrival_infinity_welcomes_careful_drivers, layout_rooms,
          serial_glass, glass_columns_a, glass_columns_b, glass_columns_b,
          glass_columns_a, glass_columns_a, glass_columns_a, due_unseen_surprise
D:2:      layout_loops_ring, chequers_ecumenical_altar_simple

Skill      XL: |  1  2  3 |
---------------+----------+-----
Armour         | 2 |  2.4
Maces & Flails | 3 |  3.1
Dodging        | 2 |  2.0
Fighting       | |  3.6

Action                   || total
-------------------------++-------
Melee: Mace              ||    90
Invok: Berserk           ||     1
 Stab: Sleeping          ||     2
Armor: Animal skin       ||    28
Dodge: Dodged            ||    63

Table legend: (Time is in decaauts)
 A = Elapsed time spent in this place.
 B = Non-inter-level travel time spent in this place.
 C = Inter-level travel time spent in this place.
 D = Time resting spent in this place.
 E = Time spent auto-exploring this place.
 F = Levels seen in this place.
 G = Mean time per level.
                   A        B        C        D        E       F      G
               +--------+--------+--------+--------+--------+-----+--------+
         Total |   1155 |   1135 |     20 |      0 |    870 |   2 |  577.5 |
       Dungeon |   1155 |   1135 |     20 |      0 |    870 |   2 |  577.5 |
               +--------+--------+--------+--------+--------+-----+--------+

Top non-repeatable levels by time:
     D:1: 896 daAuts
     D:2: 259 daAuts
